 Dungeon Crawl Stone Soup version 0.31.0-11-ge490571c62 (webtiles) character file.

Game seed: 3262337464351605732

151 sanka the Insei (level 5, -1/37 HPs)
             Began as a Merfolk Shapeshifter on Feb 2, 2024.
             Slain by Edmund
             ... wielding a +1 flail of protection
              (9 damage)
             ... on level 4 of the Dungeon.
             The game lasted 00:02:15 (1873 turns).

sanka the Insei (Merfolk Shapeshifter)              Turns: 1873, Time: 00:02:16

Health: -1/37      AC:  2    Str: 14    XL:     5   Next: 33%
Magic:  5/5        EV: 13    Int:  9    God:
Gold:   98         SH:  0    Dex: 16    Spells: 4/4 levels left

rFire   . .          .
                       - Unarmed
rCold   . . .        (no shield)
rNeg    . . .        a - +0 animal skin
rPois   .            (helmet currently unavailable)
rElec   .            (cloak currently unavailable)
rCorr   .            (gloves currently unavailable)
SInv    .            (boots currently unavailable)
Will    .....        l - amulet of faith
Stlth   +            (no ring)
HPRegen 0.26/turn    (no ring)
MPRegen 0.09/turn

%: faith
@: beast-form
A: beast (slay +2), (nimble swimmer 2), mertail
a: Begin Untransformation


You were on level 4 of the Dungeon.
You were a hulking beast.
You visited 1 branch of the dungeon, and saw 4 of its levels.

You collected 98 gold pieces.


Innate Abilities, Weirdness & Mutations

You are a hulking beast.
Your limbs bulge with bestial killing power. (Slay +2)
((You are very nimble when in or above water. (Stealth+, EV+, Speed+++)))
Your lower body shifts to a powerful aquatic tail in water.


   Skills:
 - Level 1.1 Fighting
 - Level 2.6 Dodging
 + Level 6.4 Unarmed Combat
 - Level 4.0 Shapeshifting


You had 4 spell levels left.
You didn't know any spells.
Your spell library contained the following spells:

 Spells                   Type           Power      Damage    Failure   Level
 Inner Flame              Hex/Fire       0%         N/A       77%         3
 Flame Wave               Conj/Fire      0%         2d4       99%         4
 Sticky Flame             Fire/Alch      0%         2d4       99%         4

Inventory:

Armour
 a - a +0 animal skin (worn)
Magical Staves
 i - a staff of conjuration {!a}
Jewellery
 l - an amulet of faith (around neck)
Talismans
 c - a beast talisman
 d - a flux talisman
Scrolls
 f - 2 scrolls of identify {unknown}
 k - a scroll of revelation {unknown}
Potions
 b - 2 potions of lignification {!q}
 e - a potion of mutation {unknown}
 g - a potion of cancellation {unknown}
 h - a potion of attraction {unknown}
 j - a potion of might {unknown}

Dungeon Overview and Level Annotations

Branches:
Dungeon (4/15)
 Temple: D:4-7

Altars:

Shops:
D:1 ?

Annotations:
D:4 Edmund

▒▒▒▒ ...
..▒ ▒.▒ ▒
▒.▒
....▒▒h▒▒▒▒
▒....@[<▒
▒.▒▒.▒▒.▒ ▒
▒.▒▒.▒
▒.▒▒@▒
▒.▒▒.▒
▒.▒▒.▒
..▒▒.▒ ..
...


You could see Edmund.


Message History

The orc priest looks braver for a moment.
You climb downwards.
The hobgoblin shouts!
Found a robe.
There is a stone staircase leading up here.
Unknown command.
A hobgoblin is nearby!
Edmund the Younger comes into view.
He is wielding a +1 flail of protection.
Edmund shouts!
You hit the hobgoblin.
The hobgoblin is moderately wounded.
You barely miss the hobgoblin.
The hobgoblin is moderately wounded.
The hobgoblin barely misses you. The hobgoblin hits you.
* * * LOW HITPOINT WARNING * * *
You see here a +0 robe.
The hobgoblin attacks as it pursues you!
The hobgoblin hits you.
* * * LOW HITPOINT WARNING * * *
You hit the hobgoblin.
The hobgoblin is heavily wounded.
The hobgoblin barely misses you.
You punch the hobgoblin!
You kill the hobgoblin!
Edmund says, "People accused me of being a cutpurse!"
Edmund attacks as he pursues you!
Edmund hits you with a +1 flail of protection!
You die...
Edmund whines, "They better pay attention to me now!"

Action                     |  1- 3 |  4- 6 || total
---------------------------+-------+-------++-------
  Melee: Unarmed           |   100 |    79 ||   179
         Punch             |     3 |     2 ||     5
   Stab: Sleeping          |     1 |       ||     1
 Armour: Animal skin       |    47 |    35 ||    82
  Dodge: Dodged            |    56 |    45 ||   101

Levels and vault maps discovered:
D:1:      saegor_arrival_under_anarchy, layout_loops_ring, serial_shops, shop
D:2:      layout_rooms, dreamdust_ecumenical_altar_angels_and_demons,
          hangedman_glass_teeth
D:3:      layout_basic, tso_oasis_becter
D:4:      layout_loops_ring, minmay_temple_entry_nine_rooms,
          nicolae_take_the_stairs, grunt_ministairs_15, st_stairs_6,
          nicolae_figureground_sparkle, uniq_edmund, uniq_grinder

Notes
Turn   | Place    | Note
-------+----------+-------------------------------------------
     0 | D:1      | sanka the Merfolk Shapeshifter began the quest for the Orb.
     0 | D:1      | Reached XP level 1. HP: 15/15 MP: 1/1
    31 | D:1      | HP: 1/15 [jackal (2)]
   101 | D:1      | Reached XP level 2. HP: 21/21 MP: 2/2
   118 | D:1      | Found Yluegur's Magic Scroll Boutique.
   201 | D:1      | Reached skill level 4 in Unarmed Combat
   446 | D:1      | Reached XP level 3. HP: 26/26 MP: 3/3
   918 | D:2      | Reached skill level 5 in Unarmed Combat
   949 | D:2      | Found a faded altar of an unknown god.
  1233 | D:2      | Reached XP level 4. HP: 31/32 MP: 4/4
  1559 | D:3      | Reached skill level 6 in Unarmed Combat
  1559 | D:3      | Reached XP level 5. HP: 7/37 MP: 5/5
  1563 | D:3      | HP: 3/37 [orc/+0 club (5)]
  1864 | D:4      | Noticed Edmund
  1873 | D:4      | Slain by Edmund

Vanquished Creatures
  An orc wizard (D:3)
  5 adders
  A ribbon worm (D:2)
  7 orcs (D:3)
  5 endoplasms
  3 giant cockroaches
  2 goblins
  9 hobgoblins
  8 jackals
  3 quokkas (D:2)
  5 ball pythons
  6 bats
  3 frilled lizards
  6 kobolds
  4 rats
68 creatures vanquished.
